 Dungeon Crawl Stone Soup version 0.23-b1-59-g586d0d887c (webtiles) character file.

Game seed: 7008300161789354769

952 McKennaii the Insei (level 7, 0/81 (82) HPs)
             Began as a Black Draconian Transmuter on Feb 4, 2019.
             Succumbed to konokrad666's ghost's poison
             ... on level 4 of the Dungeon.
             The game lasted 00:18:00 (6463 turns).

McKennaii the Insei (Black Draconian Transmuter)    Turns: 6463, Time: 00:18:00

HP:   0/81 (82)     AC: 23    Str: 12    XL:     7   Next: 90%
MP:   4/13          EV:  2    Int: 20    God:
Gold: 216           SH:  0    Dex: 12    Spells: 11/14 levels left

rFire    . . .     SeeInvis .     - Unarmed
rCold    . . .     Gourm    .   (no shield)
rNeg     + + +     Faith    .   (armour unavailable)
rPois    +         Spirit   .   (helmet currently unavailable)
rElec    .         Reflect  .   (cloak currently unavailable)
rCorr    .         Harm     .   (gloves currently unavailable)
MR       .....     NoTele   +   (boots currently unavailable)
Stlth    ++........             (no amulet)
HPRegen  0.23/turn              (no ring)
MPRegen  0.13/turn              (no ring)

@: brilliant, lethally poisoned (0 -> -16), tree-form
A: (breathe lightning), unfitting armour, AC +6
a: no special abilities


You were on level 4 of the Dungeon.
You were not hungry.
You were a tree.
You visited 1 branch of the dungeon, and saw 4 of its levels.

You collected 216 gold pieces.

Inventory:

Missiles
 a - 26 arrows
Armour
 m - a +0 pair of gloves (melded)
Scrolls
 b - 2 scrolls of remove curse
 d - 4 scrolls of teleportation
 h - 2 scrolls of fear
 i - 3 scrolls of enchant armour {unknown}
 n - a scroll of immolation {unknown}
 p - 2 scrolls of identify {unknown}
Comestibles
 c - 2 rations


   Skills:
 + Level 2.0 Fighting
 + Level 3.5 Dodging
 + Level 1.4 Stealth
 + Level 6.3 Unarmed Combat
 + Level 4.3 Spellcasting
 + Level 4.1 Transmutations


You had 11 spell levels left.
You knew the following spells:

 Your Spells              Type           Power        Failure   Level  Hunger
a - Beastly Appendage     Tmut           ####..       1%          1    None
b - Sticks to Snakes      Tmut           ####....     1%          2    #......

Your spell library contained the following spells:

 Spells                   Type           Power        Failure   Level  Hunger
 Flame Tongue             Conj/Fire      ###..        1%          1    None
 Spider Form              Tmut/Pois      ###.......   1%          3    ###....
 Throw Flame              Conj/Fire      ###...       2%          2    #......
 Conjure Flame            Conj/Fire      ###.....     4%          3    ###....
 Inner Flame              Hex/Fire       ###.....     4%          3    ###....
 Ice Form                 Ice/Tmut       ###.....     6%          4    ####...
 Blade Hands              Tmut           ####......   7%          5    ######.
 Sticky Flame             Conj/Fire      ###.....     13%         4    ####...
 Fireball                 Conj/Fire      ###.......   32%         5    ######.


Dungeon Overview and Level Annotations

Branches:
Dungeon (4/15)
 Temple: D:4-7

Altars:
Cheibriados
Nemelex Xobeh
Trog
Wu Jian
The Shining One


Innate Abilities, Weirdness & Mutations

((You can breathe wild blasts of lightning.))
((Your glossy black scales are hard. (AC +6)))
You cannot fit into any form of body armour.
((You are resistant to electric shocks. (rElec)))
((You are cold-blooded and may be slowed by cold attacks.))


Message History

Unknown command.
* * * LOW HITPOINT WARNING * * *
You feel very sick.
* * * LOW HITPOINT WARNING * * *
You feel sick.
You aren't carrying any potions.
As you read the scroll labeled SAPHIM ALYLYRR, it crumbles to dust.
It is a scroll of amnesia.
Okay, then.
* * * LOW HITPOINT WARNING * * *
You feel sick.
Unknown command.
As you read the scroll labeled VARCHOZXY UZOFROM, it crumbles to dust.
You feel aware of your surroundings.
It was a scroll of magic mapping.
* * * LOW HITPOINT WARNING * * *
You feel sick.
As you read the scroll labeled XAUWNE UCIRUEMI, it crumbles to dust.
You assume a fearsome visage.
Nothing appears to happen.
It was a scroll of fear.
You die...

##### #....# #.......
....########.##.##########.......
........†.....<..................
.8..########.#.####.########..###
.....(.....()..(()...............
.>...#######...#.############.###
.....###########.#### #######.###
...8...........S....###.......#..
...##########...♣....##..........
.### #........##.......(.. '#####
######...[[...#########... .....#
#.............# #........ .....#
#.......####### #........ .....#
#.......# #........ .....#
#.......#### ########. ...###
#..........# ##
...#####..........# #


You could see a friendly ball python.

Vanquished Creatures
  A scorpion (D:4)
  A bullfrog zombie (D:3)
  A jelly (D:4)
  A hound (D:4)
  An orc wizard (D:4)
  Natasha (twice) (D:3)
  An iguana (D:4)
  A worker ant (D:4)
  A hound skeleton (D:4)
  6 adders
  2 gnolls (D:2)
  An ooze (D:3)
  2 worms
  4 dart slugs
  2 leopard geckos (D:3)
  11 orcs
  7 bats
  4 giant cockroaches
  6 goblins
  9 hobgoblins
  3 jackals (D:4)
  2 quokkas (D:3)
  3 ball pythons
  4 frilled lizards
  11 kobolds
  A leopard gecko skeleton (D:4)
  A quokka zombie (D:4)
  9 rats
98 creatures vanquished.

Vanquished Creatures (collateral kills)
  Grinder (D:4)
  The ghost of konokrad666 the Poker, an amateur DsFi (D:4)
  Edmund (D:4)
  A necrophage (D:4)
  An ogre (D:3)
  Natasha (D:3)
  An orc wizard (D:3)
  2 gnolls (D:2)
  3 adders
  An adder skeleton (D:4)
  5 worms
  A leopard gecko (D:4)
  2 orcs
  A goblin (D:3)
  A hobgoblin (D:3)
  2 jackals (D:4)
25 creatures vanquished.

Grand Total: 123 creatures vanquished

Notes
Turn   | Place    | Note
-------+----------+-------------------------------------------
     0 | D:1      | McKennaii the Draconian Transmuter began the quest for the
                  | Orb.
     0 | D:1      | Reached XP level 1. HP: 16/16 MP: 3/3
   192 | D:1      | Reached XP level 2. HP: 19/23 MP: 5/5
   276 | D:1      | HP: 1/23 [rat (2)]
  1125 | D:1      | Reached XP level 3. HP: 19/28 MP: 6/6
  1258 | D:2      | Noticed a moth of wrath
  1261 | D:2      | Found a bloodstained altar of Trog.
  1321 | D:2      | Learned a level 2 spell: Sticks to Snakes
  1494 | D:2      | Reached skill level 4 in Unarmed Combat
  1742 | D:2      | Reached XP level 4. HP: 28/35 MP: 5/7
  1901 | D:2      | Found a glowing golden altar of the Shining One.
  2768 | D:3      | Reached XP level 5. HP: 35/40 MP: 8/8
  3599 | D:3      | Noticed Natasha
  3607 | D:3      | Killed Natasha
  3607 | D:3      | Reached skill level 5 in Unarmed Combat
  3615 | D:3      | Noticed Natasha
  3625 | D:3      | Killed Natasha
  3625 | D:3      | Reached skill level 1 in Stealth
  3625 | D:3      | Reached XP level 6. HP: 17/48 MP: 4/10
  3858 | D:3      | Found a faded altar of an unknown god.
  3869 | D:3      | Found a snail-covered altar of Cheibriados.
  3869 | D:3      | Found a sparkling altar of Nemelex Xobeh.
  3898 | D:3      | Found an ornate altar of the Wu Jian Council.
  3962 | D:3      | Noticed Natasha
  4006 | D:3      | Killed Natasha
  5466 | D:4      | Noticed Grinder
  5488 | D:4      | Your scales start taking on a glossy black colour.
  5488 | D:4      | Reached XP level 7. HP: 36/53 MP: 1/12
  5488 | D:4      | Gained mutation: You are resistant to electric shocks.
                  | (rElec) [Black Draconian growth]
  5769 | D:4      | Noticed Edmund
  5810 | D:4      | Killed Edmund
  5869 | D:4      | Killed Grinder
  5869 | D:4      | Reached skill level 6 in Unarmed Combat
  6148 | D:4      | Found a runed translucent door.
  6149 | D:4      | Noticed konokrad666's ghost (amateur DsFi)
  6454 | D:4      | Killed konokrad666's ghost
  6461 | D:4      | HP: 3/81 [poisoned by konokrad666's ghost]
  6463 | D:4      | Succumbed to konokrad666's ghost's poison

Skill      XL: |  1  2  3  4  5  6  7 |
---------------+----------------------+-----
Dodging        | 2 3 |  3.5
Unarmed Combat | 4 5 6 |  6.3
Stealth        | 1 |  1.4
Spellcasting   | 3 4 |  4.3
Transmutations | 3 4 |  4.1
Fighting       | 2 |  2.0

Action                   |  1- 3 |  4- 6 |  7- 9 || total
-------------------------+-------+-------+-------++-------
Melee: Unarmed           |   159 |   256 |    77 ||   492
       Tailslap          |    13 |    29 |    10 ||    52
       Headbutt          |     3 |       |     2 ||     5
       Punch             |     2 |     4 |     2 ||     8
       Kick              |     1 |     3 |     1 ||     5
 Cast: Beastly Appendage |     5 |     5 |     4 ||    14
       Sticks to Snakes  |     1 |    43 |    30 ||    74
  Use: Potion            |       |     3 |     3 ||     6
       Scroll            |       |     2 |     4 ||     6
 Stab: Sleeping          |     2 |     2 |       ||     4
       Distracted        |       |     2 |       ||     2
       Invisible         |       |       |     1 ||     1
  Eat: Chunk             |     2 |     8 |     3 ||    13
       Ration            |       |     2 |     1 ||     3
Armor: Skin              |    48 |    58 |    25 ||   131
Dodge: Dodged            |    95 |   152 |    60 ||   307
